 Dungeon Crawl Stone Soup version 0.31-a0-236-g9a0961fb85 (webtiles) character file.

Game seed: 3922875287495417043

89 qw the Shooter (level 4, -1/26 HPs)
             Began as a Gargoyle Hexslinger on July 10, 2023.
             Slain by an orc
             ... wielding a +0 trident
              (4 damage)
             ... on level 3 of the Dungeon.
             The game lasted 00:00:40 (1345 turns).

qw the Shooter (Gargoyle Hexslinger)                Turns: 1345, Time: 00:00:41

Health: -1/26      AC:  8    Str: 12    XL:     4   Next: 55%
Magic:  5/5        EV: 10    Int: 13    God:
Gold:   85         SH:  0    Dex: 14    Spells: 4/5 levels left

rFire   . . .        Y - +1 sling
rCold   . . .        (no shield)
rNeg    + . .        d - +0 ring mail
rPois   inf          (no helmet)
rElec   +            (no cloak)
rCorr   .            (no gloves)
SInv    .            (no boots)
Will    .....        g - amulet of regeneration
Stlth   +            (no ring)
HPRegen 1.04/turn    (no ring)
MPRegen 0.09/turn

%: no passive effects
@: about to teleport
A: sickness immunity, AC +3, negative energy resistance 1, electricity
resistance, torment resistance 1, petrification resistance
a: no special abilities


You were on level 3 of the Dungeon.
You visited 1 branch of the dungeon, and saw 3 of its levels.

You collected 85 gold pieces.


Innate Abilities, Weirdness & Mutations

You are immune to sickness and miasma.
Your stone body is resilient. (AC +3)
You are immune to poison.
You resist negative energy. (rN+)
You are resistant to electric shocks. (rElec)
You are resistant to unholy torment.
You are immune to petrification.


   Skills:
 - Level 2.0 Fighting
 + Level 4.1 Ranged Weapons
 - Level 1.0 Armour
 - Level 1.5 Dodging
 - Level 1.0 Spellcasting
 - Level 2.6 Hexes


You had 4 spell levels left.
You knew the following spells:

 Your Spells              Type           Power      Damage    Failure   Level
a - Slow                  Hex            28%        N/A       22%         1

Your spell library contained the following spells:

 Spells                   Type           Power      Damage    Failure   Level
 Inner Flame              Hex/Fire       4%         N/A       73%         3
 Portal Projectile        Hex/Tloc       8%         N/A       73%         3
 Cause Fear               Hex            3%         N/A       91%         4

Inventory:

Hand Weapons
 Y - a +1 sling (weapon)
Armour
 d - a +0 ring mail (worn)
Jewellery
 g - an amulet of regeneration (around neck)
Scrolls
 c - a scroll of fear {unknown}
 e - a scroll of vulnerability {unknown}
 f - a scroll of teleportation
Potions
 a - a potion of enlightenment {unknown}
 b - a potion of lignification {unknown}
 h - 3 potions of haste {unknown}
 i - a potion of attraction {unknown}

Dungeon Overview and Level Annotations

Branches:
Dungeon (3/15)

Altars:
Vehumet


Message History

The sling bullet closely misses the adder.
The sling bullet hits the orc.
The orc is heavily wounded.
The adder bites you. The adder bites you but does no damage.
The orc completely misses you.
The orc priest hits you but does no damage.
The adder bites you but does no damage. The adder barely misses you.
You shoot a sling bullet.
The sling bullet closely misses the adder.
The sling bullet hits the orc.
You kill the orc!
The adder bites you but does no damage. The orc barely misses you.
The orc priest completely misses you. The adder closely misses you.
You shoot a sling bullet. The sling bullet misses the adder.
The sling bullet hits the orc.
The orc is heavily wounded.
The adder barely misses you. The adder bites you but does no damage.
The orc hits you but does no damage.
The orc priest hits you with a +0 hand axe.
The adder bites you. The adder bites you but does no damage.
The orc priest calls down the wrath of Beogh upon you.
Pain shoots through your body!
You shoot a sling bullet. The sling bullet hits the adder.
You kill the adder!
The adder barely misses you.
The orc priest hits you with a +0 hand axe.
The orc hits you from afar with a +0 trident.
The adder bites you but does no damage.
1344 ||| READING 2 scrolls of teleportation.
As you read the scroll of teleportation, it crumbles to dust.
You feel strangely unstable. The adder closely misses you.
The orc hits you with a +0 short sword. The orc hits you but does no damage.
The orc priest hits you with a +0 hand axe.
You shoot a sling bullet. The sling bullet hits the orc.
The orc is heavily wounded.
The adder bites you but does no damage. The orc hits you but does no damage.
The orc priest barely misses you.
The orc hits you from afar with a +0 trident.
You die...

.# .# .# . .####..
..>)...
.#######or.....
......Sooo..... #@#
#.#.###.### ...
#.........# #...
###..####.# ## #... #.
###.####.#... #... #
#........#.#.##... .
#.#.######.#......
#..##.#.###....# .....
.............######...


You could see an orc priest, an orc wizard, an adder, 2 orcs and a rat.

Vanquished Creatures
  4 adders
  2 worms (D:3)
  A dart slug (D:1)
  An orc (D:3)
  2 ball pythons (D:1)
  5 endoplasms
  2 giant cockroaches (D:1)
  8 goblins
  2 hobgoblins
  4 jackals (D:2)
  A quokka (D:1)
  A bat (D:3)
  6 frilled lizards
  A kobold (D:2)
  3 rats (D:1)
43 creatures vanquished.

Notes
Turn   | Place    | Note
-------+----------+-------------------------------------------
     0 | D:1      | qw the Gargoyle Hexslinger began the quest for the Orb.
     0 | D:1      | Reached XP level 1. HP: 12/12 MP: 2/2
     0 | D:1      | 0 ||| qw: Version: 0.3-a-52-g30416fa
     0 | D:1      | 0 ||| qw: Game counter: 4534
     0 | D:1      | 0 ||| qw: Melee chars always use a shield: true
     0 | D:1      | 0 ||| qw: God list: Okawaru
     0 | D:1      | 0 ||| qw: Allow faded altars: false
     0 | D:1      | 0 ||| qw: Do Orc after clearing Dungeon:15 true
     0 | D:1      | 0 ||| qw: Do second Lair branch before Depths: true
     0 | D:1      | 0 ||| qw: Lair rune preference: random
     0 | D:1      | 0 ||| qw: Goals: Normal
     0 | D:1      | 0 ||| PLANNING D:1-11
   204 | D:1      | Reached XP level 2. HP: 16/16 MP: 3/3
   316 | D:1      | Reached skill level 3 in Ranged Weapons
   401 | D:1      | Reached XP level 3. HP: 21/21 MP: 4/4
   471 | D:1      | Found a faded altar of an unknown god.
   520 | D:1      | 520 ||| UPGRADING to +0 ring mail.
   530 | D:1      | 530 ||| DROPPING +0 robe.
   531 | D:1      | 531 ||| UPGRADING to amulet of regeneration.
   536 | D:1      | 536 ||| READING scroll labelled OCSINL JEYWUST.
   537 | D:1      | 537 ||| READING 3 scrolls labelled ZUVEASH NUVED.
   542 | D:1      | 542 ||| DROPPING scroll of poison.
   763 | D:2      | Reached XP level 4. HP: 26/26 MP: 5/5
   804 | D:2      | Reached skill level 4 in Ranged Weapons
  1170 | D:2      | 1170 ||| READING scroll labelled EFRUR TUPP.
  1256 | D:3      | Found a radiant altar of Vehumet.
  1322 | D:3      | Reached skill level 1 in Armour
  1343 | D:3      | HP: 3/26 [orc/+0 trident (4)]
  1344 | D:3      | 1344 ||| READING 2 scrolls of teleportation.
  1344 | D:3      | HP: 1/26 [orc priest/+0 hand axe (1)]
  1345 | D:3      | Slain by an orc

Levels and vault maps discovered:
D:1:      kilobyte_arrival_exit_the_forest, layout_rooms,
          shapermc_ecumenical_altar_petra
D:2:      layout_loops_cross
D:3:      layout_loops_cross, vehumet_altar_wand_db

Skill      XL: |  1  2  3  4 |
---------------+-------------+-----
Ranged Weapons | 3 4 |  4.1
Fighting       | 2 |  2.0
Armour         | 1 |  1.0
Dodging        | |  1.5
Spellcasting   | |  1.0
Hexes          | |  2.6

Action                     |  1- 3 |  4- 6 || total
---------------------------+-------+-------++-------
   Fire: Sling             |   100 |    76 ||   176
    Use: Scroll            |     2 |     2 ||     4
 Armour: Robe              |     3 |       ||     3
         Ring mail         |    43 |    50 ||    93
  Dodge: Dodged            |    52 |    57 ||   109

Table legend:
 A = Non-vault XP
 B = Vault XP
 C = Vault XP percentage of total XP
 D = Non-vault monster count
 E = Vault monster count
 F = Vault count percentage of total count
                 A         B        C        D         E       F
            +---------+---------+-------+---------+---------+-------
      Total |     126 |       2 |   1.6 |      42 |       1 |   2.3
            +---------+---------+-------+---------+---------+-------
        D:1 |      34 |       0 |   0.0 |      20 |       0 |   0.0
        D:2 |      62 |       0 |   0.0 |      16 |       0 |   0.0
        D:3 |      30 |       2 |   6.2 |       6 |       1 |  14.3
            +---------+---------+-------+---------+---------+-------
